 Dungeon Crawl Stone Soup version 0.14-a0-3295-g3fd807f (webtiles) character file.

100 Psiweapon the Bolt Thrower (level 4, 0/25 HPs)
             Began as a Kobold Hunter on Mar 14, 2014.
             Succumbed to poison (a potion of poison)
             ... on Level 2 of the Dungeon.
             The game lasted 00:04:44 (1508 turns).

Psiweapon the Bolt Thrower (Kobold Hunter)          Turns: 1508, Time: 00:04:44

HP   0/25        AC  3     Str 11      XL: 4   Next: 41%
MP   4/4         EV 14     Int  9      God:
Gold 32          SH  0     Dex 16      Spells:  0 memorised,  3 levels left

rFire  . . .     SeeInvis .     b - +1 crossbow
rCold  . . .     Clarity  .     d - +0 leather armour
rNeg   . . .     Conserve .     (no shield)
rPois  .         rCorr    .     (no helmet)
rElec  .         rRot     .     (no cloak)
SustAb . .       Spirit   .     (no gloves)
rMut   .         Warding  .     (no boots)
Saprov + + .     Stasis   .     (no amulet)
MR     .....                    (no ring)
                                (no ring)

@: lethally poisoned, not resistant to hostile enchantments, fairly stealthy
A: disease resistance, carnivore 3, saprovore 2
a: no special abilities


You were on level 2 of the Dungeon.
You were very full.

You visited 1 branch of the dungeon, and saw 2 of its levels.

You collected 32 gold pieces.

Inventory:

Hand weapons
 a - a +0,+0 short sword
 b - a +1,+1 crossbow (weapon)
 n - a +0,+1 dagger of protection
Missiles
 c - 10 bolts (quivered)
 o - 15 silver darts
Armour
 d - a +0 leather armour (worn)
 e - a cursed +0 scale mail
Comestibles
 f - a meat ration
 p - 3 rotting chunks of hobgoblin flesh
 t - 2 chunks of jackal flesh
 x - a royal jelly
Scrolls
 g - a scroll of identify {unknown}
 j - a scroll of fear {unknown}
 k - 2 scrolls of remove curse {unknown}
 l - 2 scrolls of blinking {unknown}
 m - 2 scrolls of enchant armour {unknown}
 q - a scroll of amnesia {unknown}
 r - a scroll of teleportation {unknown}
Potions
 h - a potion of confusion {unknown}
 i - 2 potions of mutation {unknown}
 s - 2 potions of poison
 u - 2 potions of curing {unknown}
 w - a potion of brilliance {unknown}


   Skills:
 - Level 1.1 Fighting
 + Level 5.9 Crossbows
 + Level 4.0 Dodging
 - Level 1.3 Stealth


You had 3 spell levels left.
You didn't know any spells.

Dungeon Overview and Level Annotations

Branches:
Dungeon (2/15)

Altars:
Kikubaaqudgha


Innate Abilities, Weirdness & Mutations

You recuperate from illness quickly.
You are small and have problems with some larger weapons.
You are carnivorous and can eat meat at any time.
You can eat rotten meat.


Message History

b - a +1,+1 crossbow (weapon)
* * * LOW HITPOINT WARNING * * *
You feel sick. The adder barely misses you.
Firing (i - inventory. (,) - cycle):
c - 11 bolts (quivered)
Press: ? - help, Shift-Dir - straight line, f/p - adder
Aim: an adder (almost dead)
You shoot a bolt. The bolt hits the adder.
You kill the adder!
Your Dodging skill increases to level 4!
* * * LOW HITPOINT WARNING * * *
You feel sick.
A hobgoblin comes into view. It is wielding a mace.
* * * LOW HITPOINT WARNING * * *
You feel sick.
Things that are here:
a bolt; an adder corpse Drink which item? (? for menu, Esc to quit)
That liquid tasted very nasty...
You are more poisoned.
It was a potion of poison.
You die...

#.....# #.....# #.#
#.....#####.....# #.#
###.......#..%..# #.#
#.#####>#.#.#.# #.#
#.#####.....#.# #..
#...........#.# #..
#.##.##.#.#.#.# ##.
#.##.##.#.....# #.
#.(..@..###.#########.
.......###.g.............
###.#.###).#####.######.
[............##.# #.
##.##.####.#...#.# ##
#.#...#.# #.......#
###...### # #...# #


You could see a hobgoblin.

Vanquished Creatures
  3 adders (D:2)
  4 bats
  A giant cockroach (D:2)
  7 hobgoblins
  8 jackals (D:2)
  A ball python (D:2)
  2 giant newts
  4 goblins
  5 kobolds
  A quokka (D:2)
  2 rats
38 creatures vanquished.

Vanquished Creatures (others)
  A human (D:2)
1 creature vanquished.

Grand Total: 39 creatures vanquished

Notes
Turn   | Place    | Note
--------------------------------------------------------------
     0 | D:1      | Psiweapon, the Kobold Hunter, began the quest for the Orb.
     0 | D:1      | Reached XP level 1. HP: 12/12 MP: 1/1
    86 | D:1      | Reached skill level 5 in Crossbows
   101 | D:1      | Reached XP level 2. HP: 16/16 MP: 2/2
   734 | D:2      | Reached XP level 3. HP: 20/20 MP: 3/3
  1114 | D:2      | Reached XP level 4. HP: 25/25 MP: 4/4
  1412 | D:2      | Found an ancient bone altar of Kikubaaqudgha.
  1419 | D:2      | Noticed a human
  1420 | D:2      | Killed a human
  1508 | D:2      | Succumbed to poison (a potion of poison)

Action                   |  1- 3 |  4- 6 || total
-------------------------+-------+-------++-------
Melee: Short sword       |    29 |    35 ||    64
 Fire: Crossbow          |    34 |    11 ||    45
  Use: Potion            |       |     1 ||     1
